 Dungeon Crawl Stone Soup version 0.29-a0-477-g62b78b4225 (webtiles) character file.

Game seed: 2617004974935019930

161 zishaf the Magician (level 5, -1/38 HPs)
             Began as a Djinni Venom Mage on May 24, 2022.
             Slain by Pikel
             ... wielding a +1 whip of electrocution
              (19 damage)
             ... on level 4 of the Dungeon.
             The game lasted 00:09:48 (4017 turns).

zishaf the Magician (Djinni Venom Mage)             Turns: 4017, Time: 00:09:49

Health: -1/38      AC:  2    Str:  7    XL:     5   Next: 70%
Gold:   148        EV: 12    Int: 18    God:
                   SH:  4    Dex: 14

rFire   + + .      SeeInvis +   c - +0 short sword
rCold   x . .      Faith    .   d - +0 buckler
rNeg    . . .      Spirit   .   a - +0 robe
rPois   ∞          Reflect  .   (no helmet)
rElec   .          Harm     .   (no cloak)
rCorr   .          Rampage  .   (no gloves)
Will    .....                   (boots unavailable)
Stlth   ++........              (no amulet)
HPRegen 0.12/turn               n - ring of see invisible
MPRegen 0.00/turn               (no ring)

@: flying
A: sickness immunity, fire resistance 2, cold vulnerability 1, float, innate
caster, HP casting, extra vitality 1
a: no special abilities


You were on level 4 of the Dungeon.
You visited 1 branch of the dungeon, and saw 4 of its levels.

You collected 148 gold pieces.

Inventory:

Hand Weapons
 c - a +0 short sword (weapon)
Armour
 a - a +0 robe (worn)
 d - a +0 buckler (worn)
Jewellery
 n - a ring of see invisible (left hand)
Potions
 b - 4 potions of curing
 e - a potion of cancellation
 f - a potion of flight {unknown}
 g - a potion of degeneration {unknown}
 j - a potion of lignification {unknown}
 k - a potion of heal wounds {unknown}
 l - a potion of mutation {unknown}
 m - a potion of attraction {unknown}


   Skills:
 + Level 2.2 Fighting
 + Level 0.6 Short Blades
 - Level 2.1 Dodging
 - Level 1.5 Stealth
 + Level 2.0 Shields
 * Level 3.6 Spellcasting


You couldn't memorise any spells.
You knew the following spells:

 Your Spells              Type           Power      Damage    Failure   Level
a - Sting                 Tmut/Pois      64%        1d6       4%          1
b - Poisonous Vapours     Pois/Air       32%        N/A       7%          2
c - Mephitic Cloud        Conj/Pois/Air  16%        N/A       14%         3
d - Olgreb's Toxic Radia  Pois           16%        N/A       41%         4
e - Shock                 Conj/Air       64%        1d7       4%          1
f - Ensorcelled Hibernat  Hex/Ice        32%        N/A       7%          2
Your spell library was empty.

Dungeon Overview and Level Annotations

Branches:
Dungeon (4/15)
 Temple: D:4-7

Altars:

Annotations:
D:4 Pikel


Innate Abilities, Weirdness & Mutations

You are immune to sickness and miasma.
You are immune to poison.
Your flesh is very heat resistant. (rF++)
You are vulnerable to cold. (rC-)
You float through the air rather than walking.
You learn spells naturally, not from books.
Your magical power is your life essence.
You have superior vitality. (+4 MHP)


Message History

You miscast Sting.
You are very lightly contaminated with residual magic.
Nothing appears to happen.
The lemure misses something.
The lemure closely misses something.
You see here a +0 whip.
Casting: Sting (safe; 4% risk of failure)
Confirm with . or Enter, or press ? or * to list all spells.
Aiming: Poisonous Vapours (safe; 7% risk of failure)
Press: ? - help, Dir - move target, f - Pikel
Aim: Pikel, wielding a +1 whip of electrocution and wearing a +0 robe of willpower (moderately wounded, poisoned) Poisonous vapours surround Pikel!
Pikel looks even sicker.
The lemure looks more healthy.
Your magical contamination has completely faded away.
You see here a +0 halberd.
Pikel says, "You'll feel the lick of my whip!"
You see here a +0 spear.
Casting: Poisonous Vapours (safe; 7% risk of failure)
Confirm with . or Enter, or press ? or * to list all spells.
Aiming: Poisonous Vapours (safe; 7% risk of failure)
Press: ? - help, Dir - move target, f/p - Pikel
Aim: Pikel, wielding a +1 whip of electrocution and wearing a +0 robe of willpower (severely wounded, poisoned) Poisonous vapours surround Pikel!
Pikel looks even sicker.
Pikel attacks as you move away!
Pikel hits you with a +1 whip of electrocution!
There is a stone staircase leading up here.
Pikel attacks as you move away! Pikel closely misses you.
Pikel attacks as you move away! Pikel barely misses you.
You see here a +0 spear.
You see here a jackal skeleton.
Casting: Poisonous Vapours (safe; 7% risk of failure)
Confirm with . or Enter, or press ? or * to list all spells.
Aiming: Sting (safe; 4% risk of failure)
Press: ? - help, Shift-Dir - straight line, f/p - Pikel
Aim: Pikel, wielding a +1 whip of electrocution and wearing a +0 robe of willpower (almost dead, poisoned, 67% to hit)
The sting misses Pikel.
Pikel hits you with a +1 whip of electrocution.
You are electrocuted!!
Ouch! That really hurt!
You die...

#.### ....# ###
..#.# ##.##
..#.#####.#.##
#..5)5...###.#
###.#####.#.######
###.# ##.......#
....# #)#####.#
.#### #.### #@# ..
##)..# #K# ...
##..#.# #5# ...
####...#.###5# g
+.........<..# .
####..)#.##### .
##.##.# ## #.# #.#


You could see Pikel (poisoned) and 2 lemures.

Vanquished Creatures
  A lemure (D:4)
  5 adders
  4 gnolls (D:4)
  An ufetubus (D:3)
  A worm (D:2)
  5 orcs (D:3)
  7 endoplasms
  A giant cockroach (D:2)
  5 goblins
  4 hobgoblins
  8 jackals
  A quokka (D:1)
  2 ball pythons
  3 bats
  4 frilled lizards
  7 kobolds
  7 rats
66 creatures vanquished.

Notes
Turn   | Place    | Note
-------+----------+-------------------------------------------
     0 | D:1      | zishaf the Djinni Venom Mage began the quest for the Orb.
     0 | D:1      | Reached XP level 1. HP: 15/15 MP: 0/0
   444 | D:1      | Reached XP level 2. HP: 19/22 MP: 0/0
   891 | D:1      | Found a faded altar of an unknown god.
   968 | D:1      | Reached skill level 1 in Fighting
  1198 | D:1      | Reached XP level 3. HP: 21/27 MP: 0/0
  1198 | D:1      | Learned a level 1 spell: Shock
  1307 | D:1      | Reached skill level 1 in Shields
  1343 | D:2      | Reached skill level 3 in Spellcasting
  1591 | D:2      | Reached XP level 4. HP: 29/32 MP: 0/0
  2687 | D:3      | Reached XP level 5. HP: 35/38 MP: 0/0
  2687 | D:3      | Learned a level 2 spell: Ensorcelled Hibernation
  3975 | D:4      | Noticed a lemure
  3975 | D:4      | Noticed a lemure
  3976 | D:4      | Noticed Pikel
  3976 | D:4      | Noticed a lemure
  3977 | D:4      | Noticed a lemure
  3988 | D:4      | Killed a lemure
  4017 | D:4      | Slain by Pikel

Illustrated notes

Levels and vault maps discovered:
D:1:      psy_arrival_statuary, layout_basic, nicolae_ecumenical_lake_church,
          grunt_decor_one_mirror, chequers_avenue
D:2:      layout_basic
D:3:      layout_basic
D:4:      layout_loops_corners, ebering_ghost_disaster_area,
          minmay_misc_feat_enclosed, dreamdust_princess_corridor,
          due_unseen_surprise, uniq_pikel, uniq_robin

Skill      XL: |  1  2  3  4  5 |
---------------+----------------+-----
Fighting       | 1 2 |  2.2
Shields        | 1 2 |  2.0
Spellcasting   | 3 |  3.6
Short Blades   | |  0.6
Dodging        | |  2.1
Stealth        | |  1.5

Action                   |  1- 3 |  4- 6 || total
-------------------------+-------+-------++-------
Melee: Short sword       |     7 |     3 ||    10
 Cast: Sting             |    53 |    85 ||   138
       Shock             |     1 |       ||     1
       Mephitic Cloud    |       |     2 ||     2
       Poisonous Vapours |       |     2 ||     2
       Olgreb's Toxic Ra |       |     1 ||     1
  Use: Scroll            |       |     3 ||     3
Armor: Robe              |     3 |     5 ||     8
Dodge: Dodged            |    11 |    19 ||    30
Block: Buckler           |     4 |     6 ||    10

Table legend: (Time is in decaauts)
 A = Elapsed time spent in this place.
 B = Non-inter-level travel time spent in this place.
 C = Inter-level travel time spent in this place.
 D = Time resting spent in this place.
 E = Time spent auto-exploring this place.
 F = Levels seen in this place.
 G = Mean time per level.
                   A        B        C        D        E       F      G
               +--------+--------+--------+--------+--------+-----+--------+
         Total |   4017 |   3914 |    103 |    568 |   2866 |   4 | 1004.2 |
       Dungeon |   4017 |   3914 |    103 |    568 |   2866 |   4 | 1004.2 |
               +--------+--------+--------+--------+--------+-----+--------+

Top non-repeatable levels by time:
     D:1: 1334 daAuts
     D:3: 1096 daAuts
     D:2: 1015 daAuts
     D:4: 569 daAuts
